 Dungeon Crawl Stone Soup version 0.29-a0-334-gb41bcbb86e (webtiles) character file.

Game seed: 6983234903017904598

7 spaghetti the Charlatan (level 1, -2/15 HPs)
             Began as a Demonspawn Artificer on Apr 14, 2022.
             Frozen to death by an endoplasm (5 damage)
             ... on level 1 of the Dungeon.
             The game lasted 00:00:39 (580 turns).

spaghetti the Charlatan (Demonspawn Artificer)       Turns: 580, Time: 00:00:40

Health: -2/15      AC:  3    Str: 12    XL:     1   Next: 83%
Magic:  1/1        EV: 11    Int: 12    God:
Gold:   30         SH:  0    Dex: 13    Spells: 0/0 levels left

rFire   . . .      SeeInvis .   a - +0 club {mace}
rCold   . . .      Faith    .   (no shield)
rNeg    . . .      Spirit   .   b - +0 leather armour
rPois   .          Reflect  .   (no helmet)
rElec   .          Harm     .   (no cloak)
rCorr   .          Rampage  .   (no gloves)
Will    .....                   (no boots)
Stlth   +.........              (no amulet)
HPRegen 0.05/turn               (no ring)
MPRegen 0.07/turn               (no ring)

@: no status effects
A: no striking features
a: no special abilities


You were on level 1 of the Dungeon.
You visited 1 branch of the dungeon, and saw 1 of its levels.

You collected 30 gold pieces.


   Skills:
 - Level 1.0 Fighting
 + Level 2.4 Armour
 - Level 0.8 Dodging
 - Level 0.8 Stealth
 - Level 3.0 Evocations


You couldn't memorise any spells.
You didn't know any spells.
Your spell library was empty.

Inventory:

Hand Weapons
 a - a +0 club (weapon) {mace}
Armour
 b - a +0 leather armour (worn)
Wands
 c - a wand of flame (13) (quivered)
 d - a wand of charming (14)
 e - a wand of iceblast (9)

Dungeon Overview and Level Annotations

Branches:
Dungeon (1/15)

Altars:

.#
#.##.#?#######.#
.# #.##.#.# ##
#.##.#h#
#.##.#h# #.
#.#h# #. #.#.#
#.#.#
#h###########.
#..h..@J......
#############.


You could see an endoplasm and 2 jackals.


Message History

You are too injured to fight recklessly!
You are too injured to fight recklessly!
You are too injured to fight recklessly!
You are too injured to fight recklessly!
You are too injured to fight recklessly!
You are too injured to fight recklessly!
You are too injured to fight recklessly!
Unknown command.
The jackal attacks as you move away!
The jackal bites you but does no damage.
The jackal barely misses you. The jackal attacks as you move away!
The jackal barely misses you. The jackal attacks as you move away!
The jackal bites you.
You see here a scroll labelled QOD JEREJI.
The jackal attacks as you move away! The jackal bites you. 😕 HP[-1]
You take 1 damage, and now have 13/15 hp.
The jackal attacks as you move away! The jackal bites you.
The jackal bites you but does no damage. 😮 HP[-3]
You take 3 damage, and now have 10/15 hp.
You barely miss the jackal. The jackal bites you. 😮 HP[-2]
You take 2 damage, and now have 8/15 hp.
You hit the jackal but do no damage.
The jackal bites you but does no damage.
The jackal barely misses you.
You hit the jackal but do no damage. The jackal misses you.
The jackal closely misses you.
You hit the jackal. The jackal bites you.
* * * LOW HITPOINT WARNING * * *
The jackal bites you but does no damage. 😨 HP[-1]
You take 1 damage, and now have 7/15 hp.
You hit the jackal. The jackal closely misses you.
The jackal barely misses you.
You barely miss the jackal. The jackal barely misses you.
You closely miss the jackal.
The jackal bites you but does no damage.
The jackal closely misses you.
You hit the jackal but do no damage. The jackal closely misses you.
The jackal bites you but does no damage.
You hit the jackal. The jackal bites you.
* * * LOW HITPOINT WARNING * * *
The jackal bites you.
* * * LOW HITPOINT WARNING * * *
😨 HP[-2]
You take 2 damage, and now have 5/15 hp.
You barely miss the jackal. The jackal bites you.
* * * LOW HITPOINT WARNING * * *
The jackal bites you.
* * * LOW HITPOINT WARNING * * *
😱 HP[-2]
You take 2 damage, and now have 3/15 hp.
You barely miss the jackal. The jackal closely misses you.
You hit the jackal but do no damage. The jackal closely misses you. x2
Aiming: Throw Flame
Press: ? - help, Q - select action, (/) - cycle Shift-Dir - straight line, f/p - jackal
Aim: a jackal (almost dead, 64% to hit)
The puff of flame hits the jackal.
You kill the jackal!
The jackal barely misses you.
Aiming: Charm
Press: ? - help, Shift-Dir - straight line, f - jackal
Aim: a jackal (chance to affect: 73%)
The jackal is charmed.
The jackal bites your jackal.
The jackal closely misses your jackal. 😨 HP[+1]
The jackal misses your jackal. What are your orders? t - Shout!
Orders for allies: a - Attack new target. p - Attack previous target. r - Retreat! s - Stop attacking. g - Guard the area. f - Follow me.
Anything else - Cancel.
Gang up on whom?
Press: ? - help, Dir - move target, f - jackal, p - jackal
Aim: a jackal Attack!
Your jackal closely misses the jackal.
The jackal bites your jackal.
Your jackal closely misses the jackal.
The jackal completely misses your jackal.
Your jackal bites the jackal.
An endoplasm comes into view.
The jackal bites your jackal but does no damage.
Your jackal bites the jackal but does no damage.
The jackal barely misses your jackal.
Your jackal bites the jackal.
The jackal bites your jackal.
Your jackal closely misses the jackal.
The endoplasm hits you.
* * * LOW HITPOINT WARNING * * *
😱 HP[-1]
You take 1 damage, and now have 3/15 hp.
You hit the endoplasm but do no damage. The endoplasm barely misses you. x2
You hit the endoplasm. The endoplasm misses you.
You hit the endoplasm but do no damage. The endoplasm closely misses you.
The jackal barks!
You hit the endoplasm but do no damage. The endoplasm freezes you.
You are frozen.
You die...

Skill      XL: |  1 |
---------------+----+-----
Armour         | 2 |  2.4
Fighting       | |  1.0
Dodging        | |  0.8
Stealth        | |  0.8
Evocations     | |  3.0

Action                   || total
-------------------------++-------
Melee: Club              ||    50
Evoke: Wand              ||     3
Armor: Leather armour    ||    16
Dodge: Dodged            ||    54

Levels and vault maps discovered:
D:1:      minmay_arrival_cross, layout_basic, chequers_ecumenical_altar_simple

Notes
Turn   | Place    | Note
-------+----------+-------------------------------------------
     0 | D:1      | spaghetti the Demonspawn Artificer began the quest for the
                  | Orb.
     0 | D:1      | Reached XP level 1. HP: 15/15 MP: 1/1
     0 | D:1      | magus.rc [v1.9.6]
    30 | D:1      | Reached skill level 2 in Armour
    37 | D:1      | HP: 2/15 [jackal (3)]
   561 | D:1      | HP: 3/15 [jackal (1)]
   576 | D:1      | HP: 3/15 [endoplasm (1)]
   580 | D:1      | Frozen to death by an endoplasm

Vanquished Creatures
  4 jackals (D:1)
  A ball python (D:1)
  A frilled lizard (D:1)
6 creatures vanquished.

Vanquished Creatures (others)
  A jackal (D:1)
1 creature vanquished.

Grand Total: 7 creatures vanquished

Table legend:
 A = Non-vault XP
 B = Vault XP
 C = Vault XP percentage of total XP
 D = Non-vault monster count
 E = Vault monster count
 F = Vault count percentage of total count
                 A         B        C        D         E       F
            +---------+---------+-------+---------+---------+-------
      Total |      10 |       0 |   0.0 |       6 |       0 |   0.0
            +---------+---------+-------+---------+---------+-------
        D:1 |      10 |       0 |   0.0 |       6 |       0 |   0.0
            +---------+---------+-------+---------+---------+-------

Illustrated notes

Table legend:
 A = Kills in this place as a percentage of kills in entire the game.
 B = Kills by you in this place as a percentage of kills by you in the entire game.
 C = Kills by friends in this place as a percentage of kills by friends in the entire game.
 D = Other kills in this place as a percentage of other kills in the entire game.
 E = Experience gained in this place as a percentage of experience gained in the entire game.
 F = Experience gained in this place divided by the number of levels of this place that you have seen.
                   A       B       C       D       E      F
               +-------+-------+-------+-------+-------+----------------------
         Total | 100.0 | 100.0 |   N/A |   N/A | 100.0 |  10.0
       Dungeon | 100.0 | 100.0 |   N/A |   N/A | 100.0 |  10.0
               +-------+-------+-------+-------+-------+----------------------

Table legend: (Time is in decaauts)
 A = Elapsed time spent in this place.
 B = Non-inter-level travel time spent in this place.
 C = Inter-level travel time spent in this place.
 D = Time resting spent in this place.
 E = Time spent auto-exploring this place.
 F = Levels seen in this place.
 G = Mean time per level.
                   A        B        C        D        E       F      G
               +--------+--------+--------+--------+--------+-----+--------+
         Total |    594 |    594 |      0 |    454 |     43 |   1 |  594.0 |
       Dungeon |    594 |    594 |      0 |    454 |     43 |   1 |  594.0 |
               +--------+--------+--------+--------+--------+-----+--------+

Top non-repeatable levels by time:
     D:1: 594 daAuts
